 Dungeon Crawl Stone Soup version 0.32-a0-913-g739538afd8 (webtiles) character file.

Game seed: 683086543099263906

828 StarspawnTentacle the Skirmisher (level 7, -8/50 HPs)
             Began as a Coglin Hunter on Apr 7, 2024.
             Was a Follower of Okawaru.
             Mangled by Pikel
             ... wielding a +2 whip of electrocution
              (18 damage)
             ... on level 4 of the Dungeon.
             The game lasted 00:04:14 (2880 turns).

StarspawnTentacle the Skirmisher (Coglin Hunter)    Turns: 2880, Time: 00:04:15

Health: -8/50      AC:  3    Str: 11    XL:     7   Next: 97%
Magic:  7/7        EV: 11    Int:  9    God:    Okawaru [*.....]
Gold:   280        SH:  0    Dex: 19    Spells: 6/6 levels left

rFire   . . .        a - +2 sling {María}
rCold   . . .        d - +0 sling {Qing}
rNeg    . . .        c - +0 leather armour
rPois   .            (no helmet)
rElec   .            (no cloak)
rCorr   .            (no gloves)
SInv    .            (no boots)
Will    .....        (amulet unavailable)
Stlth   ++           (ring unavailable)
HPRegen 0.28/turn    (ring unavailable)
MPRegen 0.10/turn    (no gizmo)

%: no passive effects
@: revved
A: off-hand wielding, slow wielding, warmup strikes, no jewellery
a: Invent Gizmo, Renounce Religion, Heroism


You were on level 4 of the Dungeon.
You worshipped Okawaru.
Okawaru was aware of your devotion.
You visited 1 branch of the dungeon, and saw 5 of its levels.

You collected 280 gold pieces.

Inventory:

Hand Weapons
 a - a +2 sling (weapon) {María}
 d - a +0 sling (offhand) {Qing}
Missiles
 p - 2 curare-tipped darts {=f}
Armour
 c - a +0 leather armour (worn)
 t - a +0 pair of gloves
Scrolls
 b - 2 scrolls of butterflies
 e - a scroll of fog {unknown}
 f - 2 scrolls of noise {unknown}
 g - 2 scrolls of enchant armour {unknown}
 h - 2 scrolls of teleportation {unknown}
 i - a scroll of vulnerability {unknown}
 j - a scroll of poison {unknown}
 l - a scroll of brand weapon {unknown}
 r - a scroll of amnesia {unknown}
 s - 2 scrolls of immolation {unknown}
Potions
 k - 2 potions of enlightenment {unknown}
 m - a potion of curing {unknown}
 n - a potion of mutation {unknown}
 o - a potion of degeneration {unknown}
 q - 2 potions of might {unknown}


   Skills:
 - Level 2.0 Fighting
 + Level 8.8 Ranged Weapons
 - Level 1.7 Dodging
 - Level 0.7 Stealth


You had 6 spell levels left.
You didn't know any spells.
Your spell library contained the following spells:

 Spells                   Type           Power      Damage    Failure   Level
 Kiss of Death            Conj/Necr      0%         2d5       47%         1
 Confusing Touch          Hex            0%         N/A       85%         3
 Teleport Other           Tloc           0%         N/A       85%         3
 Dispel Undead            Necr           0%         3d6       99%         4
 Dispersal                Tloc           0%         N/A       100%        6
 Gell's Gavotte           Tloc           0%         2d(11-16) 100%        6


Dungeon Overview and Level Annotations

Branches:
Dungeon (5/15)
 Temple: D:4-7

Altars:
Dithmenos
Okawaru
Ru
Wu Jian

Annotations:
D:4 Pikel


Innate Abilities, Weirdness & Mutations

You can wield a second weapon in your off-hand.
It takes a long time for you to wield or remove held weapons.
Your first few attacks do less damage.
You cannot equip rings or amulets.


Message History

You shoot a sling bullet.
The sling bullet closely misses the lemure.
Pikel, Merchant of Souls comes into view.
He is wielding a +2 whip of electrocution.
You shoot a sling bullet.
The sling bullet barely misses the lemure.
You shoot a sling bullet.
The sling bullet barely misses the lemure.
A lemure comes into view.
You see here a +0 club.
There is an open door here.
A lemure is nearby!
Pikel is nearby!
The gnoll shouts!
The gnoll hits you with a +0 club. The gnoll hits you with a +0 club.
The gnoll barely misses you. The gnoll barely misses you.
You shoot a sling bullet.
The sling bullet hits the gnoll but does no damage.
You shoot a sling bullet. The sling bullet hits the gnoll.
The gnoll hits you with a +0 club.
You shoot a sling bullet.
The sling bullet closely misses the gnoll.
You shoot a sling bullet. The sling bullet hits the gnoll.
The gnoll hits you with a +0 club.
You shoot a sling bullet. The sling bullet hits the gnoll.
You shoot a sling bullet. The sling bullet hits the gnoll!
You kill the gnoll!
Okawaru accepts your kill.
You shoot a sling bullet. The sling bullet closely misses Pikel.
You shoot a sling bullet.
The sling bullet hits Pikel but does no damage.
Pikel closely misses you.
You shoot a sling bullet. The sling bullet closely misses Pikel.
You shoot a sling bullet.
The sling bullet hits Pikel but does no damage.
Pikel hits you with a +2 whip of electrocution.
You shoot a sling bullet. The sling bullet hits Pikel.
You shoot a sling bullet. The sling bullet hits Pikel.
Pikel hits you with a +2 whip of electrocution!
You are electrocuted!
* * * LOW HITPOINT WARNING * * *
You shoot a sling bullet.
The sling bullet completely misses Pikel.
You shoot a sling bullet. The sling bullet hits Pikel!
Pikel hits you with a +2 whip of electrocution!
* * * LOW HITPOINT WARNING * * *
You are electrocuted!!
You die...
Pikel says, "Another soul for the market."

###.######....#####.#.#...#.#
##.##~~♣##'####......###.#.#
#..'~♣♣#♣~~##.#......###.#.#
#..#~♣#♣~♣♣~#.#..[..)....#.#
##.##♣~♣~♣# ~#.####'#######.#
...#♣#♣~~~♣#♣#.# #)# #.#
...#~♣#♣~♣~♣##.# #.#
...#~♣♣~♣#♣~#).####.# ##.##~~♣#
♣~÷..K@...## #.#.#
#.##'##♣~~♣#..###...# #.#.#
#.....#### #....#.).######.#.#
##.##.#.# ##.#.#............#
...##...# #.#.###..........#
...".##.# #.#.# #..........#
5.......# ..#.###..........#
.)...###########.##...........#
.....#....K......##....####.#.#


You could see Pikel.

Vanquished Creatures
  Grinder (D:4)
  Pargi (D:3)
  3 scorpions (D:4)
  2 hounds
  A gnoll bouda (D:5)
  Natasha (thrice) (D:3)
  An iguana (D:4)
  9 adders
  2 gnolls (D:4)
  2 dart slugs
  5 endoplasms
  9 giant cockroaches
  6 goblins
  9 hobgoblins
  4 jackals (D:2)
  2 quokkas (D:1)
  7 ball pythons
  6 bats
  8 frilled lizards
  6 kobolds
  7 rats
94 creatures vanquished.

Notes
Turn   | Place    | Note
-------+----------+-------------------------------------------
     0 | D:1      | StarspawnTentacle the Coglin Hunter began the quest for the
                  | Orb.
     0 | D:1      | Reached XP level 1. HP: 16/16 MP: 1/1
   143 | D:1      | Reached skill level 4 in Ranged Weapons
   143 | D:1      | Reached XP level 2. HP: 22/22 MP: 2/2
   291 | D:1      | Reached XP level 3. HP: 27/27 MP: 3/3
   915 | D:2      | Reached skill level 5 in Ranged Weapons
   915 | D:2      | Reached XP level 4. HP: 33/33 MP: 4/4
  1174 | D:3      | Noticed Pargi
  1245 | D:3      | Noticed Natasha
  1254 | D:3      | Reached XP level 5. HP: 22/38 MP: 5/5
  1254 | D:3      | Killed Natasha
  1329 | D:3      | Noticed Natasha
  1338 | D:3      | Killed Natasha
  1339 | D:3      | Reached skill level 6 in Ranged Weapons
  1459 | D:3      | Noticed Natasha
  1466 | D:3      | Killed Natasha
  1553 | D:3      | Found an ornate altar of the Wu Jian Council.
  1556 | D:3      | Found a sacrificial altar of Ru.
  1561 | D:3      | Found an iron altar of Okawaru.
  1565 | D:3      | Became a worshipper of Warmaster Okawaru
  1649 | D:3      | Killed Pargi
  1650 | D:3      | Reached XP level 6. HP: 23/44 MP: 6/6
  2053 | D:4      | Reached skill level 7 in Ranged Weapons
  2064 | D:4      | Reached XP level 7. HP: 50/50 MP: 7/7
  2066 | D:4      | Reached * piety under Okawaru
  2139 | D:5      | Entered Level 5 of the Dungeon
  2348 | D:5      | Found a shadowy altar of Dithmenos.
  2588 | D:4      | Reached skill level 8 in Ranged Weapons
  2660 | D:4      | Noticed Grinder
  2661 | D:4      | Paralysed by Grinder for 2 turns
  2670 | D:4      | Killed Grinder
  2836 | D:4      | Noticed Pikel
  2880 | D:4      | Mangled by Pikel

Illustrated notes

Levels and vault maps discovered:
D:1:      matt_arrival_debris, layout_loops_ring, st_stairs_13
D:2:      layout_rooms
D:3:      layout_rooms, grunt_temple_overflow_diamond,
          mainiacjoe_sewer_entry_somewhere_in_here_2, uniq_natasha, uniq_pargi
D:4:      layout_basic, saegor_snake_ambush, uniq_grinder, uniq_pikel
D:5:      layout_loops_cross, elyvilon_altar_5, grunt_dithmenos_smoke,
          temple_hall, uniq_eustachio

Skill      XL: |  1  2  3  4  5  6  7 |
---------------+----------------------+-----
Ranged Weapons | 4 5 6 7 8 |  8.8
Fighting       | |  2.0
Dodging        | |  1.7
Stealth        | |  0.7

Action                     |  1- 3 |  4- 6 |  7- 9 || total
---------------------------+-------+-------+-------++-------
   Fire: Sling             |   152 |   210 |   150 ||   512
 Armour: Leather armour    |     9 |    39 |    24 ||    72
  Dodge: Dodged            |     4 |    35 |    18 ||    57

Table legend: (Time is in decaauts)
 A = Elapsed time spent in this place.
 B = Non-inter-level travel time spent in this place.
 C = Inter-level travel time spent in this place.
 D = Time resting spent in this place.
 E = Time spent auto-exploring this place.
 F = Levels seen in this place.
 G = Mean time per level.
                   A        B        C        D        E       F      G
               +--------+--------+--------+--------+--------+-----+--------+
         Total |   2957 |   2845 |    112 |    232 |   2123 |   5 |  591.4 |
       Dungeon |   2957 |   2845 |    112 |    232 |   2123 |   5 |  591.4 |
               +--------+--------+--------+--------+--------+-----+--------+

Top non-repeatable levels by time:
     D:3: 879 daAuts
     D:4: 639 daAuts
     D:2: 593 daAuts
     D:1: 570 daAuts
     D:5: 274 daAuts
